 Dungeon Crawl Stone Soup version 0.23.0-38-g208d714 (webtiles) character file.

Game seed: 0

1542 Lanoc the Martial Artist (level 8, -7/71 HPs)
             Began as a Black Draconian Monk on Feb 27, 2019.
             Was an Initiate of the Shining One.
             Mangled by an orc warrior
             ... wielding a +0 war axe
              (14 damage)
             ... in a bailey.
             The game lasted 00:14:05 (4913 turns).

Lanoc the Martial Artist (Black Draconian Monk)     Turns: 4913, Time: 00:14:06

Health: -7/71      AC:  6    Str: 14      XL:     8   Next: 56%
Magic:  17/17      EV: 15    Int: 11      God:    the Shining One [......]
Gold:   230        SH:  0    Dex: 14 (15) Spells: 7/7 levels left

rFire    . . .     SeeInvis .     - Unarmed
rCold    . . .     Gourm    .   (no shield)
rNeg     . . .     Faith    .   (armour unavailable)
rPois    .         Spirit   .   (helmet restricted)
rElec    +         Reflect  .   (no cloak)
rCorr    .         Harm     .   (no gloves)
MR       .....                  (no boots)
Stlth    +.........             s - amulet of the acrobat
HPRegen  0.21/turn              u - ring of wizardry
MPRegen  0.15/turn              v - ring of magical power

@: short of breath, glowing
A: breathe lightning, unfitting armour, electricity resistance, cold-blooded, AC
+6
a: Breathe Lightning, Renounce Religion


You were in a bailey.
You worshipped the Shining One.
The Shining One was noncommittal.
You were hungry.

You visited 1 branch of the dungeon, and saw 7 of its levels.
You also visited: Bailey.

You collected 230 gold pieces.

Inventory:

Missiles
 h - 5 tomahawks of returning (quivered)
Jewellery
 s - an amulet of the acrobat (around neck)
 u - a ring of wizardry (left hand)
 v - a ring of magical power (right hand)
Wands
 c - a wand of iceblast (8)
 o - a wand of polymorph (11)
 p - a wand of digging (3)
 r - a wand of random effects (24)
Scrolls
 b - a scroll of fog
 d - 8 scrolls of identify
 i - a scroll of magic mapping
Potions
 e - a potion of brilliance {unknown}
 f - 2 potions of agility {unknown}
 g - a potion of cancellation {unknown}
 j - a potion of degeneration {unknown}
 k - 4 potions of curing
 l - a potion of berserk rage {unknown}
 m - 2 potions of invisibility {unknown}
 q - a potion of might {unknown}
Comestibles
 a - 10 rations


   Skills:
 + Level 6.7 Fighting
 + Level 5.5 Dodging
 - Level 2.0 Stealth
 * Level 8.2 Unarmed Combat


You had 7 spell levels left.
You didn't know any spells.
Your spell library was empty.

Dungeon Overview and Level Annotations

Branches:
Dungeon (7/15)
 Temple: D:4-7

Altars:
Dithmenos
Qazlal
Xom
The Shining One


Innate Abilities, Weirdness & Mutations

You can breathe wild blasts of lightning.
Your glossy black scales are hard. (AC +6)
You cannot fit into any form of body armour.
You are resistant to electric shocks. (rElec)
You are cold-blooded and may be slowed by cold attacks.


Message History

The orc warrior closely misses you.
You closely miss the orc warrior.
Your tail-slap misses the orc warrior.
The orc warrior is severely wounded.
You barely miss the orc warrior.
You tail-slap the orc warrior, but do no damage.
The orc warrior is severely wounded.
The orc warrior closely misses you.
You hit the orc warrior but do no damage.
The orc warrior is severely wounded.
The orc warrior closely misses you.
You hit the orc warrior.
The orc warrior is severely wounded.
You hit the orc warrior.
The orc warrior is almost dead.
The orc warrior hits you with a +0 war axe!
* * * LOW HITPOINT WARNING * * *
You hit the orc warrior.
The orc warrior is almost dead.
The orc warrior hits you with a +0 war axe!
You die...

♣ #..........#
♣≈≈#..8..8....
♣≈≈#........# #
♣≈≈##......# ≈≈
♣...##.....# )..
♣....##)(..#g!..
♣♣.....#....##8.8
♣......))(...#g..
♣∩.∩...'.@...#o..
♣....(.(.o...#...
♣♣.....#....##8.8
♣....##....#≈?..
♣...##....(#≈[..
♣≈≈##......# ≈≈≈
♣≈≈# .......# ##
♣≈≈#..8..8... ♣≈≈


You could see an orc warlord, an orc warrior and 2 gnolls.

Vanquished Creatures
  2 sky beasts
  An ice beast (D:5)
  2 phantoms
  An ogre (D:4)
  A centaur (D:5)
  A bullfrog (D:6)
  A scorpion (D:3)
  5 wights (D:6)
  A howler monkey (D:4)
  A hound (D:4)
  3 orc wizards (D:6)
  Natasha (thrice) (D:3)
  Ijyb (D:4)
  5 worker ants
  Robin (D:3)
  6 adders
  3 gnolls (D:5)
  2 oozes (D:2)
  2 worms
  2 adder skeletons
  A dart slug (D:1)
  4 leopard geckos
  8 orcs
  2 ball pythons (D:2)
  7 giant cockroaches
  4 hobgoblins
  3 jackals (D:4)
  3 quokkas
  6 bats
  3 frilled lizards
  14 goblins
  8 kobolds
  2 quokka skeletons
  3 rats (D:3)
112 creatures vanquished.

Vanquished Creatures (collateral kills)
  A killer bee (D:4)
1 creature vanquished.

Grand Total: 113 creatures vanquished

Notes
Turn   | Place    | Note
-------+----------+-------------------------------------------
     0 | D:1      | Lanoc the Draconian Monk began the quest for the Orb.
     0 | D:1      | Reached XP level 1. HP: 19/19 MP: 1/1
   152 | D:2      | Reached XP level 2. HP: 12/26 MP: 2/2
   519 | D:2      | Reached XP level 3. HP: 30/31 MP: 3/3
  1098 | D:3      | Noticed Natasha
  1117 | D:3      | Killed Natasha
  1117 | D:3      | Reached skill level 4 in Unarmed Combat
  1117 | D:3      | Reached XP level 4. HP: 10/40 MP: 4/4
  1375 | D:3      | Noticed Natasha
  1384 | D:3      | Killed Natasha
  1409 | D:3      | Noticed Natasha
  1433 | D:3      | Killed Natasha
  1590 | D:3      | Noticed Robin
  1605 | D:3      | Reached XP level 5. HP: 33/46 MP: 5/5
  1617 | D:3      | Killed Robin
  1902 | D:3      | Reached skill level 5 in Unarmed Combat
  1951 | D:3      | Found a faded altar of an unknown god.
  1961 | D:3      | Became a worshipper of Xom of Chaos
  2262 | D:3      | XOM: silly message
  2273 | D:3      | XOM: silly message
  2510 | D:4      | XOM: potion effect (might)
  2512 | D:4      | Reached XP level 6. HP: 31/53 MP: 6/6
  2726 | D:4      | Noticed Ijyb
  2755 | D:4      | Killed Ijyb
  2809 | D:4      | XOM: scenery: create altars
  2816 | D:4      | Reached skill level 5 in Fighting
  2861 | D:4      | Noticed a sky beast
  2867 | D:4      | XOM: stat loss: -1 Dex (14/15)
  2876 | D:4      | Killed a sky beast
  2876 | D:4      | Reached skill level 6 in Unarmed Combat
  2876 | D:4      | Your scales start taking on a glossy black colour.
  2876 | D:4      | Reached XP level 7. HP: 48/61 MP: 7/7
  2876 | D:4      | Gained mutation: You are resistant to electric shocks.
                  | (rElec) [Black Draconian growth]
  2898 | D:4      | Noticed Blork the orc
  2900 | D:4      | XOM: scenery: create altars
  2904 | D:4      | Noticed Blork
  2904 | D:4      | Blork the orc changed into Blork the killer bee
  2904 | D:4      | XOM: polymorph Blork the orc -> Blork the killer bee
  2916 | D:4      | XOM: confusion (+ monsters)
  2917 | D:4      | XOM: 8-stop teleportation journey
  2920 | D:4      | Killed Blork the killer bee
  3259 | D:4      | XOM: smoke on damage
  3384 | D:4      | XOM: noise
  3386 | D:5      | Entered Level 5 of the Dungeon
  3388 | D:5      | Found a shadowy altar of Dithmenos.
  3483 | D:5      | XOM is BORED!
  3483 | D:5      | XOM: harmless Tloc miscast
  3588 | D:5      | Found a stormy altar of Qazlal.
  3742 | D:5      | Reached skill level 7 in Unarmed Combat
  3743 | D:5      | XOM: mild Ice miscast
  3790 | D:5      | XOM: harmless Fire miscast
  3865 | D:5      | XOM is BORED!
  3865 | D:5      | XOM: mild Summ miscast
  3907 | D:5      | Reached skill level 5 in Dodging
  3907 | D:5      | Reached XP level 8. HP: 65/70 MP: 8/8
  4010 | D:5      | XOM: cloud trail
  4012 | D:5      | XOM: divination: detect creatures
  4190 | D:6      | XOM: divination: magic mapping
  4243 | D:6      | XOM: noise
  4247 | D:6      | XOM: summons 4 hostile demons
  4248 | D:6      | Noticed a hellwing
  4259 | D:6      | XOM: summons 3 hostile demons
  4307 | D:6      | Reached skill level 8 in Unarmed Combat
  4339 | D:6      | XOM: harmless Fire miscast
  4558 | D:6      | Found a glowing golden altar of the Shining One.
  4710 | D:6      | Fell from the grace of Xom
  4710 | D:6      | Became a worshipper of the Shining One
  4776 | D:7      | Found a flagged portal.
  4843 | Bailey   | Entered a bailey
  4861 | Bailey   | Noticed an orc warlord
  4913 | Bailey   | Mangled by an orc warrior

Skill      XL: |  1  2  3  4  5  6  7  8 |
---------------+-------------------------+-----
Stealth        | 2 |  2.0
Dodging        | 3 4 5 |  5.5
Unarmed Combat | 4 5 6 7 8 |  8.2
Fighting       | 4 5 6 |  6.7

Action                   |  1- 3 |  4- 6 |  7- 9 || total
-------------------------+-------+-------+-------++-------
Melee: Unarmed           |   100 |   196 |   206 ||   502
       Tailslap          |    14 |    26 |    23 ||    63
       Punch             |     1 |     3 |     3 ||     7
 Abil: Breathe Lightning |       |       |    10 ||    10
Evoke: Wand              |       |       |     1 ||     1
  Use: Potion            |       |     1 |     3 ||     4
       Scroll            |       |       |     6 ||     6
 Stab: Sleeping          |     6 |     2 |     1 ||     9
  Eat: Chunk             |       |     6 |     5 ||    11
       Ration            |       |       |     1 ||     1
Armor: Skin              |    20 |    60 |    66 ||   146
Dodge: Dodged            |    65 |   165 |   182 ||   412
